 Dungeon Crawl Stone Soup version 0.31-a0-188-g5e087ee2ca (webtiles) character file.

Game seed: 5565653808433462996

76 qw the Shooter (level 4, -1/25 HPs)
             Began as a Deep Elf Hunter on June 23, 2023.
             Slain by an orc
             ... wielding a +0 trident
              (3 damage)
             ... on level 3 of the Dungeon.
             The game lasted 00:00:37 (1189 turns).

qw the Shooter (Deep Elf Hunter)                    Turns: 1189, Time: 00:00:38

Health: -1/25      AC:  6    Str: 10    XL:     4   Next: 12%
Magic:  6/6        EV: 11    Int: 14    God:
Gold:   99         SH:  0    Dex: 18    Spells: 3/3 levels left

rFire   . . .        Y - +0 shortbow
rCold   + . .        (shield currently unavailable)
rNeg    . . .        k - +0 ring mail {rC+}
rPois   .            (no helmet)
rElec   .            (no cloak)
rCorr   .            j - +0 pair of gloves
SInv    .            (no boots)
Will    .....        g - amulet of faith Stlth
                     (no ring)
HPRegen 0.24/turn    (no ring)
MPRegen 0.10/turn

%: faith
@: confused
A: no striking features
a: no special abilities


You were on level 3 of the Dungeon.
You visited 1 branch of the dungeon, and saw 3 of its levels.

You collected 99 gold pieces.


   Skills:
 - Level 1.5 Fighting
 + Level 7.5 Ranged Weapons
 - Level 2.4 Dodging
 - Level 1.2 Stealth


You had 3 spell levels left.
You didn't know any spells.
Your spell library was empty.

Inventory:

Hand Weapons
 Y - a +0 shortbow (weapon)
Armour
 j - a +0 pair of gloves (worn)
 k - a +0 ring mail of cold resistance (worn)
Jewellery
 g - an amulet of faith (around neck)
Scrolls
 c - 2 scrolls of teleportation
 e - a scroll of identify
 f - a scroll of blinking {unknown}
 i - a scroll of enchant weapon {unknown}
Potions
 a - a potion of attraction {unknown}
 b - a potion of curing {unknown}
 d - a potion of enlightenment {unknown}
 h - 2 potions of resistance {unknown}

Dungeon Overview and Level Annotations

Branches:
Dungeon (3/15)

Altars:


Message History

You shoot an arrow. The orc shouts!
The arrow hits the orc but does no damage.
The orc is heavily wounded.
The orc hits you with a +0 flail.
You shoot an arrow. The arrow barely misses the orc.
The orc shouts!
The orc closely misses you.
You shoot an arrow.
The arrow hits the orc but does no damage.
The orc is heavily wounded.
The orc hits you but does no damage.
You shoot an arrow. The arrow hits the orc.
You kill the orc!
The phantom misses you. The orc wizard casts a spell at you.
You resist with some effort.
The orc wizard points at you and mumbles some strange words.
You are confused.
The phantom hits you. The phantom barely misses you.
A rat comes into view.
The orc wizard casts a spell at you.
You are more confused.
The phantom hits you.
The phantom blinks!
You blink.
The orc barely misses you.
The orc wizard hits you with a +0 dagger.
Enter note: The phantom hits you but does no damage.
The orc barely misses you.
The orc wizard hits you with a +0 dagger.
The phantom hits you but does no damage.
The orc hits you from afar with a +0 trident.
The orc wizard gestures at you while chanting.
You resist with some effort. The phantom hits you.
The orc completely misses you.
The orc wizard points at you and mumbles some strange words.
The magic dart hits you! The phantom closely misses you.
The orc hits you from afar with a +0 trident.
You die...

.. .. # ..#
#.# r . ..
#.. .# ..
#.#### #..
.#.# #.....
####..# )..
...##
#......##o#
# #.##
#...@oo# .
#####..#
#.#W)###.#
##.......
##$###.#
#..#####.
#.#...#
#.## ##
#...# #.# #
#..## #.#
##### #..#
#.###....
##.##
#.#...##.
#...###
#...##...


You could see a phantom, an orc wizard and 2 orcs.

Vanquished Creatures
  An adder (D:3)
  A worm (D:3)
  2 dart slugs (D:1)
  2 orcs (D:3)
  3 ball pythons
  3 endoplasms
  5 giant cockroaches
  4 goblins
  6 hobgoblins
  10 jackals
  A quokka (D:3)
  3 bats (D:2)
  5 frilled lizards
  2 kobolds
  4 rats
52 creatures vanquished.

Notes
Turn   | Place    | Note
-------+----------+-------------------------------------------
     0 | D:1      | qw the Deep Elf Hunter began the quest for the Orb.
     0 | D:1      | Reached XP level 1. HP: 12/12 MP: 3/3
     0 | D:1      | 0 ||| qw: Version: 0.3-a-9-g12657ce
     0 | D:1      | 0 ||| qw: Game counter: 3609
     0 | D:1      | 0 ||| qw: Always use a shield: true
     0 | D:1      | 0 ||| qw: God list: Okawaru
     0 | D:1      | 0 ||| qw: Allow faded altars: false
     0 | D:1      | 0 ||| qw: Do Orc after D:15 true
     0 | D:1      | 0 ||| qw: Do second Lair branch before Depths: true
     0 | D:1      | 0 ||| qw: Lair rune preference: random
     0 | D:1      | 0 ||| qw: Plans: Normal
     0 | D:1      | 0 ||| PLANNING D:1-11
    40 | D:1      | Reached skill level 6 in Ranged Weapons
    40 | D:1      | Reached XP level 2. HP: 12/16 MP: 4/4
    58 | D:1      | HP: 4/16 [frilled lizard (3)]
   382 | D:1      | Reached XP level 3. HP: 14/20 MP: 5/5
   384 | D:1      | 384 ||| FLEEEEING.
   385 | D:1      | 385 ||| FLEEEEING.
   386 | D:1      | 386 ||| FLEEEEING.
   387 | D:1      | 387 ||| FLEEEEING.
   388 | D:1      | 388 ||| FLEEEEING.
   389 | D:1      | 389 ||| FLEEEEING.
   390 | D:1      | 390 ||| FLEEEEING.
   391 | D:1      | 391 ||| FLEEEEING.
   392 | D:1      | 392 ||| FLEEEEING.
   393 | D:1      | 393 ||| FLEEEEING.
   394 | D:1      | 394 ||| FLEEEEING.
   396 | D:1      | 396 ||| FLEEEEING.
   397 | D:1      | 397 ||| FLEEEEING.
   398 | D:1      | 398 ||| FLEEEEING.
   399 | D:1      | 399 ||| FLEEEEING.
   446 | D:1      | 446 ||| UPGRADING to +0 ring mail.
   456 | D:1      | 456 ||| DROPPING +0 leather armour.
   457 | D:1      | 457 ||| READING scroll labelled UNIVAO ZEATTE.
   458 | D:1      | 458 ||| DROPPING scroll of butterflies.
   664 | D:2      | Reached skill level 7 in Ranged Weapons
   942 | D:2      | 942 ||| UPGRADING to +0 pair of gloves.
   947 | D:2      | 947 ||| UPGRADING to +0 ring mail of cold resistance.
   957 | D:2      | 957 ||| DROPPING +0 ring mail.
   958 | D:2      | 958 ||| UPGRADING to amulet of faith.
   963 | D:2      | 963 ||| READING 2 scrolls labelled KYMPYS COADEV.
   966 | D:2      | 966 ||| READING 2 scrolls labelled JUAFEQ PAKH.
   967 | D:2      | 967 ||| READING scroll labelled UMUXKI WUNUMEKKI.
   968 | D:2      | 968 ||| DRINKING 2 amethyst potions.
   969 | D:2      | 969 ||| DROPPING potion of brilliance.
  1127 | D:3      | Reached XP level 4. HP: 25/25 MP: 6/6
  1176 | D:3      | Noticed a phantom
  1188 | D:3      | HP: 1/25 [orc wizard/magic dart (8)]
  1189 | D:3      | Slain by an orc

Levels and vault maps discovered:
D:1:      evilmike_arrival_plus, layout_rooms, serial_bayou_pond_a
D:2:      layout_rooms
D:3:      layout_rooms

Skill      XL: |  1  2  3 |
---------------+----------+-----
Ranged Weapons | 6 7 |  7.5
Fighting       | |  1.5
Dodging        | |  2.4
Stealth        | |  1.2

Action                     |  1- 3 |  4- 6 || total
---------------------------+-------+-------++-------
   Fire: Shortbow          |   124 |    11 ||   135
    Use: Scroll            |     4 |       ||     4
         Potion            |     1 |       ||     1
 Armour: Leather armour    |    14 |       ||    14
         Ring mail         |    13 |     3 ||    16
  Dodge: Dodged            |    70 |     7 ||    77

Table legend:
 A = Non-vault XP
 B = Vault XP
 C = Vault XP percentage of total XP
 D = Non-vault monster count
 E = Vault monster count
 F = Vault count percentage of total count
                 A         B        C        D         E       F
            +---------+---------+-------+---------+---------+-------
      Total |     109 |       0 |   0.0 |      52 |       0 |   0.0
            +---------+---------+-------+---------+---------+-------
        D:1 |      44 |       0 |   0.0 |      23 |       0 |   0.0
        D:2 |      27 |       0 |   0.0 |      17 |       0 |   0.0
        D:3 |      38 |       0 |   0.0 |      12 |       0 |   0.0
            +---------+---------+-------+---------+---------+-------
